 Dungeon Crawl Stone Soup version 0.29.1-15-g9cfb28693d (webtiles) character file.

Game seed: 10773054526470273154

64415 drjones the Warrior (level 15, -6/132 HPs)
             Began as a Merfolk Gladiator on Apr 9, 2023.
             Was the Champion of Okawaru.
             Mangled by a centaur warrior simulacrum (24 damage)
             ... while paralysed by a sphinx
             ... on level 11 of the Dungeon on Apr 10, 2023.
             The game lasted 02:02:39 (25391 turns).

drjones the Warrior (Merfolk Gladiator)            Turns: 25391, Time: 02:02:39

Health: -6/132     AC: 17    Str: 14    XL:     15   Next: 13%
Magic:  17/18      EV:  2    Int:  8    God:    Okawaru [******]
Gold:   973        SH:  0    Dex: 23    Spells: 14/14 levels left

rFire   . . .      SeeInvis .   a - +1 double sword (elec)
rCold   . . .      Faith    .   u - +0 kite shield
rNeg    . . .      Spirit   .   F - +0 acid dragon scales
rPois   .          Reflect  .   y - +1 helmet
rElec   .          Harm     .   I - +1 cloak "Opa Cial" {Slay+2}
rCorr   +          Rampage  .   J - +2 pair of gloves {Stlth+}
Will    ++...                   G - +1 pair of boots
Stlth   +++.......              Q - amulet of the acrobat
HPRegen 0.32/turn               r - ring of willpower
MPRegen 0.16/turn               V - +4 ring of slaying

@: confused, paralysed, heroic
A: (nimble swimmer 2), mertail
a: Renounce Religion, Heroism, Finesse, Duel


You were on level 11 of the Dungeon.
You worshipped Okawaru.
Okawaru was exalted by your worship.
You visited 3 branches of the dungeon, and saw 17 of its levels.
You also visited: Bailey and Ice Cave.

You collected 1554 gold pieces.
You spent 581 gold pieces at shops.

Inventory:

Hand Weapons
 a - a +1 double sword of electrocution (weapon)
 b - a +3 scimitar of flaming
 c - a +1 short sword of freezing
 j - the +6 hand axe of the Evil Eye {antimagic, rElec Int+9 Stlth+}
   (You found it on level 11 of the Dungeon)

   It reduces the magical energy of the wielder, and disrupts the spells and
   magical abilities of those it strikes.
   Natural abilities and divine invocations are not affected.
   Int:       It affects your intelligence (+9).
   rElec:     It insulates you from electricity.
   Stlth:     It makes you more stealthy.
 M - a +0 short sword of electrocution
 N - the +11 sling "Zisoipp" {freeze, rF+ rC+ Dex-5}
   (You found it on level 10 of the Dungeon)

   Any ammunition fired from it freezes those it strikes, dealing additional
   cold damage.
   It can also slow down cold-blooded creatures.
   Dex:       It affects your dexterity (-5).
   rF:        It protects you from fire.
   rC:        It protects you from cold.
Missiles
 d - 2 throwing nets
 e - 36 javelins
 m - 47 poisoned darts (quivered)
 H - 3 curare-tipped darts
 O - 4 silver javelins
 U - 3 datura-tipped darts
Armour
 i - a +0 tower shield of cold resistance
 u - a +0 kite shield (worn)
 y - a +1 helmet (worn)
 F - +0 acid dragon scales (worn)
 G - a +1 pair of boots (worn)
 I - the +1 cloak "Opa Cial" (worn) {Slay+2}
   (You found it on level 5 of the Dungeon)

   Slay:      It affects your accuracy & damage with ranged weapons and melee
   (+2).
 J - a +2 pair of gloves of stealth (worn)
 K - the +5 chain mail of the Abyss {rElec Str+2 Dex+2}
   (Okawaru gifted it to you on level 3 of the Lair of Beasts)

   Str:       It affects your strength (+2).
   Dex:       It affects your dexterity (+2).
   rElec:     It insulates you from electricity.
 S - a +2 buckler of cold resistance
Jewellery
 g - a ring of protection from fire
 n - a ring of protection from fire
 r - a ring of willpower (left hand)
 t - a ring of poison resistance
 v - a +4 ring of protection
 L - the necklace of Bloodlust {*Rage Will++ Int-3 Slay+6}
   (You found it on level 5 of the Lair of Beasts)

   [amulet of nothing]

   It extends the wearer's berserk rage when killing foes.
   Int:       It affects your intelligence (-3).
   Slay:      It affects your accuracy & damage with ranged weapons and melee
   (+6).
   *Rage:     It berserks you when you make melee attacks (+50% chance).
   Will:      It greatly increases your willpower.
 Q - an amulet of the acrobat (around neck)
 R - a ring of protection from cold
 V - a +4 ring of slaying (right hand)
Wands
 p - a wand of mindburst (19)
 w - a wand of roots (22)
 D - a wand of acid (5)
Scrolls
 h - 2 scrolls of magic mapping
 o - 4 scrolls of teleportation
 q - 3 scrolls of amnesia
 A - 2 scrolls of enchant armour
 E - a scroll of fear
 X - a scroll of identify
Potions
 f - 4 potions of flight
 k - a potion of heal wounds
 l - 3 potions of haste
 s - 6 potions of brilliance
 x - 3 potions of attraction
 z - 5 potions of curing
 B - 2 potions of ambrosia
 C - 3 potions of might
 P - 4 potions of magic
 T - 2 potions of invisibility
 W - a potion of cancellation


   Skills:
 + Level 16.4(21.4) Fighting
 + Level 15.8(20.8) Long Blades
 + Level 6.9(11.9) Throwing
 + Level 14.1(19.1) Dodging
 - Level 5.1(10.1) Stealth
 + Level 10.5(15.5) Shields
 - Level 5.0 Invocations
 - Level 2.3 Evocations


You had 14 spell levels left.
You didn't know any spells.
Your spell library contained the following spells:

 Spells                   Type           Power      Damage    Failure   Level
 Apportation              Tloc           0%         N/A       71%         1
 Beastly Appendage        Tmut           0%         N/A       71%         1
 Necrotise                Necr           0%         1d4       71%         1
 Sandblast                Erth           0%         2d4       71%         1
 Ensorcelled Hibernation  Hex/Ice        0%         N/A       85%         2
 Passwall                 Tmut/Erth      0%         N/A       85%         2
 Wereblood                Tmut           0%         N/A       85%         2
 Conjure Flame            Conj/Fire      0%         6-21      97%         3
 Ignite Poison            Fire/Tmut/Pois 0%         N/A       97%         3
 Ozocubu's Armour         Ice            0%         N/A       97%         3
 Spider Form              Tmut/Pois      0%         N/A       97%         3
 Stone Arrow              Conj/Erth      0%         3d7       97%         3
 Swiftness                Air            0%         N/A       97%         3
 Vampiric Draining        Necr           0%         2d6       97%         3
 Hailstorm                Conj/Ice       0%         3d3       100%        4
 Passage of Golubria      Tloc           0%         N/A       100%        4
 Sticky Flame             Conj/Fire      0%         2d3       100%        4
 Agony                    Necr           0%         N/A       100%        5
 Alistair's Intoxication  Tmut/Pois      0%         N/A       100%        5
 Blade Hands              Tmut           0%         N/A       100%        5
 Fireball                 Conj/Fire      0%         3d3       100%        5
 Freezing Cloud           Conj/Ice/Air   0%         6-21      100%        5
 Irradiate                Conj/Tmut      0%         3d11      100%        5
 Silence                  Hex/Air        0%         N/A       100%        5
 Eringya's Noxious Bog    Tmut/Pois      0%         N/A       100%        6
 Iron Shot                Conj/Erth      0%         9d1       100%        6
 Starburst                Conj/Fire      0%         6d3       100%        6
 Ignition                 Fire           0%         3d3       100%        8
 Lehudib's Crystal Spear  Conj/Erth      0%         10d2      100%        8
 Polar Vortex             Ice            0%         N/A       100%        9
 Animate Armour           Summ/Erth      Unusable   N/A       N/A         4
 Summon Forest            Summ/Tloc      Unusable   N/A       N/A         5
 Summon Mana Viper        Hex/Summ       Unusable   N/A       N/A         5
 Simulacrum               Ice/Necr       Unusable   N/A       N/A         6
 Summon Cactus Giant      Summ           Unusable   N/A       N/A         6
 Summon Hydra             Summ           Unusable   N/A       N/A         7

Dungeon Overview and Level Annotations

Branches:
Dungeon (11/15)            Temple (1/1) D:7            Lair (5/5) D:11
 Shoals (0/4) Lair:3       Spider (0/4) Lair:3        Slime (0/5) Lair:5
    Orc (0/2) D:10         Bailey (visited)           IceCv (visited)

Altars:
Ashenzari
Cheibriados
Dithmenos
Elyvilon
Fedhas
Gozag
Nemelex Xobeh
Okawaru
Qazlal
Ru
Sif Muna
Trog
Uskayaw
Vehumet
Yredelemnul
Jiyva

Shops:
D:1 (   D:5 [   D:6 =   D:7 !

Portals:
Abyss: D:9

Annotations:
D:4 1 runed translucent door, Crazy Yiuf, Ijyb
D:9 2 transporters, diceflayer's ghost, journeyman DsFi


Innate Abilities, Weirdness & Mutations

((You are very nimble when in or above water. (Stealth+, EV+, Speed+++)))
Your lower body shifts to a powerful aquatic tail in water.


Message History

The sphinx is heavily wounded.
The centaur warrior simulacrum hits you but does no damage.
You block the centaur warrior simulacrum's attack.
The sphinx hits you! The sphinx hits you. You block the sphinx's attack.
You slice the sphinx!!
The sphinx is severely wounded.
The centaur warrior simulacrum barely misses you.
You block the centaur warrior simulacrum's attack.
You slash the sphinx!
The sphinx is almost dead.
The sphinx mumbles some strange words.
You are confused.
The centaur warrior simulacrum misses you.
The centaur warrior simulacrum kicks you.
The centaur warrior simulacrum freezes you!!
You are too confused!
You bump into the tree.
The sphinx casts a spell.
You suddenly lose the ability to move!
The centaur warrior simulacrum hits you but does no damage.
The centaur warrior simulacrum kicks you but does no damage.
The forest fire spreads!
The sphinx hits you but does no damage. x3
The centaur warrior simulacrum hits you but does no damage.
The centaur warrior simulacrum kicks you.
The centaur warrior simulacrum freezes you!
The forest fire spreads!
The centaur warrior simulacrum hits you!
The centaur warrior simulacrum freezes you!!
* * * LOW HITPOINT WARNING * * *
The centaur warrior simulacrum kicks you but does no damage.
The sphinx hits you.
* * * LOW HITPOINT WARNING * * *
The sphinx hits you.
* * * LOW HITPOINT WARNING * * *
The sphinx hits you but does no damage.
The centaur warrior simulacrum hits you!
* * * LOW HITPOINT WARNING * * *
The centaur warrior simulacrum freezes you!!
You die...

...#. ♣.# ♣♣....♣♣ #..♣♣.#. ...#
♣.# ♣♣..♣♣..♣♣ #.♣...#. ##.# ♣.#
♣♣..♣♣♣♣..♣♣ #.♣♣♣♣#.
.'.#.♣♣♣.#♣♣..♣# ♣♣..♣♣ #♣.♣ #.
.#.#.....#♣..♣## ##♣♣..♣♣#.♣♣ #.
.#.#..♣.....♣♣#.
(#♣♣♣......♣♣♣#.
.#.#.....#..♣♣..
..♣♣♣..♣#♣♣)..#.
.#.#.♣♣♣)#♣..♣♣H#Z♣♣♣..♣♣
♣♣♣♣.#. .'.# ♣)#♣♣..♣♣@♣♣♣..♣♣
♣....#. .#.# ♣.# ♣..♣♣....♣♣
♣.♣♣♣#. .#.#. ♣(# ♣..♣♣§§♣♣
♣♣.♣♣#. ##)#.♣♣♣.# ♣..♣♣§§♣
♣♣.♣#. )..#.....# ♣.. ♣♣§♣
♣.♣♣#. #####♣.♣##### ##### ###
♣.♣### .).....)[...♣♣##.>.##♣≈♣
♣♣.~♣♣
..♣♣♣♣.♣..♣♣.♣#.....#♣≈♣♣♣♣~~≈~♣
♣.)♣♣♣.♣♣..♣♣.∩.....∩.~P♣P~♣P~♣♣


You could see a sphinx and a centaur warrior simulacrum.

Vanquished Creatures
  Gastronok (Lair:2)
  A reaper (IceCv)
  2 fire dragons (Lair:5)
  Snorg (D:11)
  2 boulder beetles
  A catoblepas (Lair:4)
  3 hydras
  2 two-headed ogres
  2 centaur warriors (D:11)
  Erica (Lair:2)
  4 death yaks (Lair:5)
  Nergalle (D:10)
  A fire crab (Lair:4)
  A swamp dragon (Lair:5)
  2 lindwurms (Lair:5)
  A deep elf zephyrmancer (D:11)
  3 cyclopes
  5 elephants (Lair:5)
  6 black mambas
  An ice statue (IceCv)
  Maurice (D:11)
  Joseph (D:10)
  7 torpor snails (Lair:5)
  16 cane toads
  An unseen horror (D:11)
  5 gargoyles (D:11)
  9 komodo dragons
  7 rime drakes
  An ice devil (IceCv)
  3 anaconda simulacra (IceCv)
  2 trolls (D:11)
  Prince Ribbit (Lair:2)
  3 tyrant leeches (Lair:5)
  Grinder (D:6)
  8 hornets (Lair:5)
  A snapping turtle (Lair:3)
  21 blink frogs
  Eustachio (D:4)
  Sigmund (D:2)
  3 wraiths
  7 wyverns
  3 fire elementals (Lair:1)
  4 fire bats (Lair:1)
  39 yaks
  9 steam dragons
  5 death yak simulacra
  3 basilisks
  2 harpy simulacra (IceCv)
  2 wargs (D:11)
  5 acid dragons
  A hydra simulacrum (IceCv)
  17 water moccasins
  Duvessa (D:6)
  A sky beast (D:8)
  2 ogres (D:5)
  A swamp drake (Lair:5)
  21 orc warriors
  2 black bears (D:6)
  A boggart (D:11)
  16 wolves
  16 centaurs
  5 kobold brigands
  A gnoll sergeant (D:11)
  3 two-headed ogre simulacra (IceCv)
  8 bullfrogs
  4 scorpions
  A cane toad simulacrum (Lair:5)
  Dowan (D:6)
  15 wights
  6 killer bees (D:10)
  A howler monkey (D:11)
  3 electric eels
  A lava snake (Lair:1)
  9 hounds
  A jelly (D:7)
  4 orc priests
  3 iguanas
  Natasha (thrice) (D:2 D:3)
  16 orc wizards
  12 spriggan simulacra (IceCv)
  A polar bear simulacrum (IceCv)
  5 wolf simulacra
  Robin (D:2)
  7 adders
  6 naga simulacra (IceCv)
  7 white imps (IceCv)
  5 ufetubi
  A worm (D:2)
  2 dart slugs (D:2)
  71 orcs
  5 bats
  3 endoplasms
  3 giant cockroaches
  15 goblins
  A hobgoblin (D:4)
  4 jackals (D:3)
  A quokka (D:3)
  4 ball pythons
  4 frilled lizards (D:3)
  30 kobolds
  4 rats (D:2)
569 creatures vanquished.

Vanquished Creatures (others)
  2 iguanas (Lair:5)
  An orc wizard (D:8)
  An orc (D:8)
  A fire vortex (Lair:1)
  25 fungi
  23 plants
53 creatures vanquished.

Grand Total: 622 creatures vanquished

Notes
Turn   | Place    | Note
-------+----------+-------------------------------------------
     0 | D:1      | drjones the Merfolk Gladiator began the quest for the Orb.
     0 | D:1      | Reached XP level 1. HP: 16/16 MP: 1/1
   177 | D:1      | Found Haumnuni's Weapon Boutique.
   589 | D:1      | Reached skill level 3 in Fighting
   589 | D:1      | Reached XP level 2. HP: 21/24 MP: 2/2
   673 | D:1      | Found a faded altar of an unknown god.
   933 | D:2      | Noticed Natasha
   949 | D:2      | Killed Natasha
   950 | D:2      | Reached skill level 4 in Fighting
   950 | D:2      | Reached XP level 3. HP: 23/30 MP: 3/3
  1221 | D:2      | Noticed Sigmund
  1248 | D:2      | Killed Sigmund
  1249 | D:2      | Reached skill level 6 in Fighting
  1249 | D:2      | Reached XP level 4. HP: 39/41 MP: 4/4
  1249 | D:2      | Reached XP level 5. HP: 45/47 MP: 5/5
  1388 | D:2      | Noticed Natasha
  1401 | D:2      | Killed Natasha
  1402 | D:2      | Reached XP level 6. HP: 53/53 MP: 6/6
  1800 | D:2      | Noticed Robin
  1832 | D:2      | Killed Robin
  1833 | D:2      | Reached skill level 7 in Fighting
  2137 | D:2      | Noticed Natasha
  2156 | D:3      | Killed Natasha
  2784 | D:3      | Found a radiant altar of Vehumet.
  2787 | D:3      | Found a basalt altar of Yredelemnul.
  2788 | D:3      | Found a snail-covered altar of Cheibriados.
  2788 | D:3      | Found an iron altar of Okawaru.
  2788 | D:3      | Found a broken altar of Ashenzari.
  2789 | D:3      | Found a shimmering blue altar of Sif Muna.
  2790 | D:3      | Found a white marble altar of Elyvilon.
  2796 | D:3      | Became a worshipper of Warmaster Okawaru
  3140 | D:3      | Found a sparkling altar of Nemelex Xobeh.
  3342 | D:4      | Found a runed translucent door.
  3343 | D:4      | Noticed Crazy Yiuf
  3431 | D:4      | Found a hide-covered altar of Uskayaw.
  3435 | D:4      | Found a blossoming altar of Fedhas.
  3440 | D:4      | Found a bloodstained altar of Trog.
  3461 | D:4      | Reached XP level 7. HP: 61/61 MP: 7/7
  3530 | D:4      | Noticed Eustachio
  3560 | D:4      | Killed Eustachio
  3561 | D:4      | Reached skill level 8 in Fighting
  3561 | D:4      | Reached skill level 5 in Long Blades
  4235 | D:4      | Noticed Ijyb
  4383 | D:5      | Entered Level 5 of the Dungeon
  4383 | D:5      | Found Huv Lec's Armour Shop.
  4392 | D:5      | Bought a +1 helmet for 161 gold pieces
  4407 | D:5      | Identified the +1 cloak "Opa Cial" {Slay+2}
  4520 | D:5      | Reached * piety under Okawaru
  4576 | D:5      | Reached skill level 1 in Invocations
  4576 | D:5      | Reached XP level 8. HP: 56/69 MP: 8/8
  4715 | D:5      | Noticed a wyvern
  4721 | D:5      | Killed a wyvern
  5044 | D:6      | Reached skill level 9 in Fighting
  5122 | D:6      | Found a stormy altar of Qazlal.
  5144 | D:6      | Noticed Duvessa
  5150 | D:6      | Noticed Dowan
  5158 | D:6      | Killed Duvessa
  5158 | D:6      | Reached ** piety under Okawaru
  5162 | D:6      | Killed Dowan
  5497 | D:6      | Noticed Grinder
  5544 | D:6      | Paralysed by Grinder for 5 turns
  5553 | D:6      | Paralysed by Grinder for 4 turns
  5559 | D:6      | Killed Grinder
  5560 | D:6      | Reached skill level 10 in Fighting
  5560 | D:6      | Reached XP level 9. HP: 65/78 MP: 10/10
  5732 | D:6      | Found an opulent altar of Gozag.
  5859 | D:6      | Found Migytren's Jewellery Shop.
  6452 | D:7      | Found Ociac's Distillery.
  6464 | D:7      | Bought a potion of haste for 140 gold pieces
  6492 | D:7      | Reached *** piety under Okawaru
  6504 | D:7      | Reached skill level 11 in Fighting
  6531 | D:7      | Reached skill level 10 in Long Blades
  6718 | D:7      | Found a staircase to the Ecumenical Temple.
  6734 | Temple   | Entered the Ecumenical Temple
  7562 | D:7      | Reached XP level 10. HP: 72/87 MP: 8/11
  7810 | D:8      | Found a shadowy altar of Dithmenos.
  7886 | D:8      | Reached skill level 12 in Fighting
  8098 | D:8      | Reached **** piety under Okawaru
  8393 | D:8      | Noticed a seven-headed hydra
  8393 | D:8      | Noticed a brown ugly thing
  8444 | D:8      | Reached skill level 1 in Stealth
  8767 | D:8      | Reached skill level 1 in Shields
  8922 | D:7      | Received a gift from Okawaru
  9243 | D:8      | Reached skill level 5 in Dodging
  9405 | D:8      | Noticed a boulder beetle
  9427 | D:8      | Killed a boulder beetle
  9627 | D:9      | Found a flagged portal.
  9668 | D:9      | Reached ***** piety under Okawaru
  9682 | Bailey   | Entered a bailey
  9995 | Bailey   | Reached XP level 11. HP: 96/96 MP: 12/12
 10192 | Bailey   | Received a gift from Okawaru
 11072 | Bailey   | Identified the +1 robe of the Nexus {rN+ Int+4} (Okawaru
                  | gifted it to you in a bailey)
 11072 | Bailey   | Received a gift from Okawaru
 11254 | Bailey   | Reached skill level 13 in Fighting
 11373 | Bailey   | Got the Tractate on Transmutation and Rime
 11740 | Bailey   | Acquired a +2 pair of gloves of stealth
 11932 | D:9      | Noticed a two-headed ogre
 11952 | D:9      | Killed a two-headed ogre
 11953 | D:9      | Reached skill level 5 in Stealth
 12160 | D:9      | Found a transporter.
 12236 | D:9      | Noticed a cyclops
 12243 | D:9      | Killed a cyclops
 12330 | D:9      | Found a transporter.
 12368 | D:9      | Found a one-way gate to the infinite horrors of the Abyss.
 12368 | D:9      | Noticed diceflayer's ghost (journeyman DsFi)
 12372 | D:9      | Noticed a sun demon
 12372 | D:9      | Noticed a wretched star
 12374 | D:9      | Noticed a brown ugly thing
 12379 | D:9      | Noticed a large abomination
 12611 | D:10     | Entered Level 10 of the Dungeon
 12694 | D:10     | Noticed Nergalle
 12716 | D:10     | Killed Nergalle
 13185 | D:10     | Found a sacrificial altar of Ru.
 13188 | D:10     | Identified the +1 chain mail "Suotug" {Stlth+}
 13248 | D:10     | Identified the +11 sling "Zisoipp" {freeze, rF+ rC+ Dex-5}
 13366 | D:10     | Noticed Joseph
 13373 | D:10     | Killed Joseph
 13454 | D:10     | Reached skill level 5 in Shields
 13909 | D:10     | Found a staircase to the Orcish Mines.
 14123 | D:11     | Reached XP level 12. HP: 94/105 MP: 12/15
 14135 | D:11     | Received a gift from Okawaru
 14281 | D:11     | Found a staircase to the Lair.
 14685 | D:11     | Noticed a two-headed ogre
 14701 | D:11     | Killed a two-headed ogre
 15115 | Lair:1   | Entered Level 1 of the Lair of Beasts
 15391 | Lair:1   | Reached skill level 5 in Invocations
 15593 | Lair:1   | Received a gift from Okawaru
 15599 | Lair:1   | Reached skill level 14 in Fighting
 16018 | Lair:1   | Noticed an eight-headed hydra
 16068 | Lair:1   | Reached skill level 10 in Dodging
 16101 | Lair:1   | Killed an eight-headed hydra
 16321 | Lair:1   | Reached ****** piety under Okawaru
 16321 | Lair:1   | Received a gift from Okawaru
 16848 | Lair:2   | Noticed Erica
 16863 | Lair:2   | Killed Erica
 16864 | Lair:2   | Reached XP level 13. HP: 90/114 MP: 14/16
 17160 | Lair:2   | Noticed Gastronok
 17334 | Lair:2   | Killed Gastronok
 17496 | Lair:2   | Noticed Prince Ribbit
 17518 | Lair:2   | Killed Prince Ribbit
 17519 | Lair:2   | Reached skill level 15 in Fighting
 17997 | Lair:3   | Found a staircase to the Shoals.
 18111 | Lair:3   | Identified the +5 chain mail of the Abyss {rElec Str+2
                  | Dex+2} (Okawaru gifted it to you on level 3 of the Lair of
                  | Beasts)
 18111 | Lair:3   | Received a gift from Okawaru
 18546 | Lair:3   | Found a hole to the Spider Nest.
 19168 | Lair:4   | Acquired a +1 double sword of electrocution
 20109 | Lair:5   | Entered Level 5 of the Lair of Beasts
 20120 | Lair:5   | Reached XP level 14. HP: 85/123 MP: 14/17
 20123 | Lair:5   | Found a staircase to the Slime Pits.
 20124 | Lair:5   | Found a viscous altar of Jiyva.
 20144 | Lair:5   | Found a frozen archway.
 20144 | Lair:5   | Found the necklace of Bloodlust {*Rage Will++ Int-3 Slay+6}
 20559 | IceCv    | Entered an ice cave
 21218 | IceCv    | Noticed a reaper
 21228 | IceCv    | Killed a reaper
 21229 | IceCv    | Reached skill level 5 in Throwing
 21249 | IceCv    | Reached skill level 15 in Long Blades
 21266 | IceCv    | Identified the +0 kite shield of Siluw {Harm Fly rC+}
 21272 | IceCv    | Identified the +1 flail "Tosheqoh" {freeze, Fly rPois rC-
                  | Int+2}
 21277 | IceCv    | Identified the +1 plate armour of Resourcefulness {rElec
                  | Dex+2}
 21449 | Lair:5   | Received a gift from Okawaru
 21554 | Lair:5   | Received a gift from Okawaru
 21953 | Lair:5   | Reached skill level 16 in Fighting
 22266 | Lair:5   | Reached skill level 10 in Shields
 23195 | D:6      | Bought a ring of poison resistance for 280 gold pieces
 23826 | Lair:5   | Found a runed translucent door.
 23833 | Lair:5   | Received a gift from Okawaru
 24039 | Lair:5   | Received a gift from Okawaru
 24040 | Lair:5   | Reached skill level 1 in Evocations
 24189 | Lair:5   | Paralysed by a hornet for 3 turns
 24950 | D:11     | Identified the +6 hand axe of the Evil Eye {antimagic,
                  | rElec Int+9 Stlth+}
 25060 | D:11     | Reached XP level 15. HP: 132/132 MP: 18/18
 25095 | D:11     | Noticed Maurice
 25121 | D:11     | Killed Maurice
 25228 | D:11     | Noticed Snorg
 25256 | D:11     | Killed Snorg
 25369 | D:11     | Noticed a sphinx
 25389 | D:11     | Paralysed by a sphinx for 5 turns
 25391 | D:11     | Mangled by a centaur warrior simulacrum

Illustrated notes

Levels and vault maps discovered:
D:1:      sevenhm_arrival_forest_fort_small_1, layout_loops_cross,
          hellmonk_ecumenical_altar_inner_sanctum, serial_shops,
          nicolae_shop_hallway_plus
D:2:      layout_loops_corners, kennysheep_generic_room_8, uniq_sigmund,
          uniq_robin, uniq_natasha
D:3:      layout_basic, general_overflow_altar, minitemple
D:4:      layout_gridville, grunt_temple_overflow_diamond,
          mrwooster_statue_mirror, uniq_crazy_yiuf_cottage, uniq_eustachio,
          uniq_ijyb, uniq_blork_the_orc
D:5:      layout_rooms, serial_shops, nicolae_stop_n_shop_2, wad_floor_pattern_1
D:6:      layout_loops_ring, mainiacjoe_overflow_concentric_impassable,
          grunt_qazlal_clouds, serial_shops, shop, uniq_duvessa, uniq_grinder
D:7:      layout_rooms, minmay_temple_entry_drinking_statues, serial_shops,
          shop, minmay_misc_feat_rugged
D:8:      layout_cave_pools, zin_academy, nicolae_dithmenos_shadow_blocks,
          serial_rivers, chequers_serial_rivers_room_b,
          chequers_serial_rivers_micro_a, chequers_serial_rivers_small_a,
          chequers_serial_rivers_micro_a, chequers_serial_rivers_small_3,
          chequers_serial_rivers_micro_d, minmay_pinched_square
D:9:      layout_cross, gammafunk_ghost_abyssal_escape, enter_bailey_1,
          minmay_statues_item
D:10:     layout_cave_pods, hangedman_ru_absence, david_orc_5, uniq_joseph,
          uniq_nergalle
D:11:     nzn_winding_woodlands_stair_trap [nzn_winding_woodlands_5x15_eye,
          nzn_winding_woodlands_5x15_river_crossing,
          nzn_winding_woodlands_5x15_jagged,
          nzn_winding_woodlands_15x15_thick_spiral,
          nzn_winding_woodlands_5x15_concentric,
          nzn_winding_woodlands_5x15_lazy_stream,
          nzn_winding_woodlands_5x15_pockets], layout_irregular_city,
          erik_lair_orcish_takeover, evilmike_butchery, uniq_maurice, uniq_snorg
Temple:   hellmonk_temple_flake
Lair:1:   layout_chaotic_city, nicolae_quartered_pool_little
Lair:2:   layout_gridlike, chequers_serial_rivers_large_a, minivault_24,
          uniq_gastronok, uniq_erica, uniq_prince_ribbit2
Lair:3:   layout_loops_ring, minmay_shoals_entry_hut,
          spider_nest_entry_web_field, beast_lair_carwin_6, grunt_megastairs_2
Lair:4:   layout_long_grid, minmay_lair_drake_nest
Lair:5:   wormcave, layout_small_grid, guppyfry_lair_end_dragon, slime_entry_1,
          portal_ice_cave_entry_ice_simulacra

Skill      XL: |  1  2  3  4  5  6  7  8  9 10 11 12 13 14 15 |
---------------+----------------------------------------------+-----
Fighting       | 3 4 6 7 8 10 11 12 13 14 15 16 | 16.4
Long Blades    | 4 6 8 10 12 13 14 15 | 15.8
Invocations    | 1 2 4 5 |  5.0
Stealth        | 3 5 |  5.1
Shields        | 3 5 7 9 10 | 10.5
Dodging        | 6 8 10 12 13 14 | 14.1
Throwing       | 4 6 |  6.9
Evocations     | 1 2 |  2.3

Action                   |  1- 3 |  4- 6 |  7- 9 | 10-12 | 13-15 || total
-------------------------+-------+-------+-------+-------+-------++-------
Melee: Long sword        |    41 |   104 |    73 |   500 |       ||   718
       Morningstar       |       |    55 |    61 |       |       ||   116
       Punch             |       |     2 |       |       |       ||     2
       Whip              |       |       |   125 |       |       ||   125
       Short sword       |       |       |    46 |   106 |       ||   152
       Tailslap          |       |       |       |    39 |    13 ||    52
       Scimitar          |       |       |       |   217 |   191 ||   408
       Double sword      |       |       |       |       |   551 ||   551
       Dagger            |       |       |       |       |     1 ||     1
 Fire: Sling             |       |       |       |    17 |       ||    17
Throw: Dart              |     9 |    16 |    40 |   133 |    18 ||   216
       Throwing net      |     1 |     1 |     2 |       |       ||     4
Invok: Heroism           |       |       |     5 |    14 |    13 ||    32
       Finesse           |       |       |       |       |     1 ||     1
Evoke: Wand              |       |       |       |     2 |       ||     2
  Use: Scroll            |     4 |       |     3 |     5 |    22 ||    34
       Potion            |       |     2 |       |     4 |     5 ||    11
 Stab: Sleeping          |       |       |     3 |    11 |    15 ||    29
Armor: Ring mail         |    22 |    73 |   102 |       |       ||   197
       Steam dragon scal |       |       |    22 |       |       ||    22
       Acid dragon scale |       |       |    30 |   189 |   123 ||   342
Dodge: Dodged            |    34 |   104 |   175 |   519 |   439 ||  1271
Block: Kite shield       |       |     4 |   157 |   459 |   307 ||   927
       Tower shield      |       |       |       |       |    83 ||    83
       Buckler           |       |       |       |       |    21 ||    21
